 Dungeon Crawl Stone Soup version 0.31-a0-182-gc5ef74bbde (webtiles) character file.

Game seed: 2878521639065690649

503 qw the Shooter (level 7, -3/64 HPs)
             Began as a Naga Hunter on June 20, 2023.
             Slain by a gnoll sergeant
             ... wielding a +2 trident of freezing
              (6 damage)
             ... on level 6 of the Dungeon.
             The game lasted 00:01:12 (3680 turns).

qw the Shooter (Naga Hunter)                        Turns: 3680, Time: 00:01:12

Health: -3/64      AC:  4    Str: 13    XL:     7   Next: 17%
Magic:  7/7        EV: 10    Int:  9    God:
Gold:   191        SH:  0    Dex: 17    Spells: 6/6 levels left

rFire   . . .        Y - +1 shortbow
rCold   . . .        (shield currently unavailable)
rNeg    . . .        c - +0 leather armour
rPois   +            e - +0 helmet
rElec   .            i - scarf {repulsion}
rCorr   .            (no gloves)
SInv    +            (no barding)
Will    .....        (no amulet)
Stlth   ++           (no ring)
HPRegen 0.30/turn    (no ring)
MPRegen 0.10/turn

%: repel missiles
@: about to teleport, short of breath, very slow
A: AC +2, large, see invisible, deformed body, poison resistance, slowness 2,
spit poison 1, naga tail 1
a: Spit Poison


You were on level 6 of the Dungeon.
You visited 1 branch of the dungeon, and saw 6 of its levels.

You collected 236 gold pieces.
You spent 45 gold pieces at shops.


Innate Abilities, Weirdness & Mutations

Your serpentine skin is tough. (AC +2)
You have supernaturally acute eyesight. (SInv)
Armour fits poorly on your strangely shaped body.
Your system is resistant to poisons. (rPois)
You cover ground very slowly.
You can spit poison.
You have a snake-like lower body.


   Skills:
 - Level 4.1 Fighting
 + Level 6.4 Ranged Weapons
 - Level 2.5 Dodging
 - Level 1.5 Stealth


You had 6 spell levels left.
You didn't know any spells.
Your spell library was empty.

Inventory:

Hand Weapons
 Y - a +1 shortbow (weapon)
Armour
 c - a +0 leather armour (worn)
 e - a +0 helmet (worn)
 i - a scarf of repulsion (worn)
 k - a +0 cloak
Scrolls
 a - a scroll of teleportation
 f - a scroll of identify
Potions
 b - a potion of cancellation
 d - a potion of enlightenment {unknown}
 g - 2 potions of resistance {unknown}
 h - 2 potions of curing
 j - a potion of degeneration {unknown}
 l - a potion of heal wounds {unknown}
 m - a potion of haste
 n - a potion of lignification {unknown}

Dungeon Overview and Level Annotations

Branches:
Dungeon (7/15)
 Temple: D:4-7

Altars:
Ashenzari
Sif Muna
Wu Jian

Shops:
D:4 [

Portals:
Abyss: D:1***


Message History

The gnoll sergeant is moderately wounded.
The gnoll sergeant hits you from afar with a +2 trident of freezing!
The gnoll sergeant freezes you.
You shoot an arrow. The arrow hits the gnoll!
The gnoll is heavily wounded.
The gnoll closely misses you. The gnoll sergeant closely misses you.
You shoot an arrow.
The arrow hits the gnoll but does no damage.
The gnoll is heavily wounded.
The gnoll barely misses you.
The gnoll sergeant hits you but does no damage.
A gnoll comes into view. It is wielding a +0 halberd.
The gnoll hits you with a +0 flail! The gnoll sergeant barely misses you.
You shoot an arrow. The arrow completely misses the gnoll.
The arrow hits the gnoll sergeant.
The gnoll sergeant is heavily wounded.
The gnoll hits you with a +0 flail!
The gnoll sergeant hits you from afar with a +2 trident of freezing!
The gnoll sergeant freezes you. The gnoll barely misses you.
You shoot an arrow. The arrow hits the gnoll.
The gnoll is almost dead.
You have got your breath back.
The gnoll barely misses you. The gnoll sergeant barely misses you.
The gnoll hits you from afar with a +0 spear.
3679 ||| INVOKING Spit Poison.
Aiming: Spit Poison (1% risk of failure)
Press: ? - help, Shift-Dir - straight line, f/p - gnoll The splash of poison misses the gnoll.
The splash of poison hits the gnoll sergeant.
The gnoll sergeant is poisoned.
The gnoll sergeant is heavily wounded.
The gnoll completely misses you. The gnoll barely misses you.
The gnoll sergeant hits you from afar with a +2 trident of freezing.
The gnoll sergeant freezes you.
3680 ||| READING 2 scrolls of teleportation.
As you read the scroll of teleportation, it crumbles to dust.
You feel strangely unstable. The gnoll hits you with a +0 flail!
The gnoll sergeant hits you from afar with a +2 trident of freezing.
You die...

############
...)ggg@...# ###
###.#g####.# ##.##
##.....#######.#.##
#.###.......%.###.#
##.#######.#.## #.#
#.## #.# #.#
#.########.#
...........#


You could see a gnoll sergeant (poisoned) and 3 gnolls.

Vanquished Creatures
  An ice beast (D:7)
  A kobold brigand (D:7)
  A howler monkey (D:6)
  A gnoll bouda (D:7)
  2 iguanas
  2 orc wizards (D:4)
  7 gnolls
  4 adders
  A dart slug (D:1)
  6 orcs
  4 bats
  6 endoplasms
  2 giant cockroaches
  7 goblins
  3 hobgoblins
  8 jackals (D:1)
  2 quokkas (D:1)
  8 ball pythons
  3 frilled lizards
  9 kobolds
  2 rats
80 creatures vanquished.

Notes
Turn   | Place    | Note
-------+----------+-------------------------------------------
     0 | D:1      | qw the Naga Hunter began the quest for the Orb.
     0 | D:1      | Reached XP level 1. HP: 19/19 MP: 1/1
     0 | D:1      | 0 ||| qw: Version: 0.3-a-9-g12657ce
     0 | D:1      | 0 ||| qw: Game counter: 1214
     0 | D:1      | 0 ||| qw: Always use a shield: true
     0 | D:1      | 0 ||| qw: God list: Okawaru
     0 | D:1      | 0 ||| qw: Allow faded altars: false
     0 | D:1      | 0 ||| qw: Do Orc after D:15 true
     0 | D:1      | 0 ||| qw: Do second Lair branch before Depths: true
     0 | D:1      | 0 ||| qw: Lair rune preference: random
     0 | D:1      | 0 ||| qw: Plans: Normal
     0 | D:1      | 0 ||| PLANNING D:1-11
     4 | D:1      | 4 ||| INVOKING Spit Poison.
    31 | D:1      | 31 ||| INVOKING Spit Poison.
    35 | D:1      | 35 ||| INVOKING Spit Poison.
    39 | D:1      | Reached skill level 4 in Ranged Weapons
    39 | D:1      | Reached XP level 2. HP: 26/26 MP: 2/2
    39 | D:1      | 39 ||| INVOKING Spit Poison.
    43 | D:1      | 43 ||| INVOKING Spit Poison.
    47 | D:1      | 47 ||| INVOKING Spit Poison.
   181 | D:1      | 181 ||| INVOKING Spit Poison.
   212 | D:1      | 212 ||| INVOKING Spit Poison.
   222 | D:1      | 222 ||| INVOKING Spit Poison.
   263 | D:1      | 263 ||| INVOKING Spit Poison.
   318 | D:1      | 318 ||| INVOKING Spit Poison.
   321 | D:1      | Reached XP level 3. HP: 32/32 MP: 3/3
   322 | D:1      | 322 ||| INVOKING Spit Poison.
   340 | D:1      | 340 ||| INVOKING Spit Poison.
   391 | D:1      | 391 ||| INVOKING Spit Poison.
   395 | D:1      | 395 ||| INVOKING Spit Poison.
   446 | D:1      | 446 ||| INVOKING Spit Poison.
   454 | D:1      | 454 ||| INVOKING Spit Poison.
   571 | D:1      | 571 ||| INVOKING Spit Poison.
   691 | D:1      | 691 ||| UPGRADING to +0 helmet.
   696 | D:1      | 696 ||| READING scroll labelled XOSKOX VISIO.
   697 | D:1      | 697 ||| READING 2 scrolls labelled HIVOVY LIOMAN.
   698 | D:1      | 698 ||| READING scroll labelled ASYITO WOA.
   702 | D:1      | 702 ||| DROPPING scroll of butterflies.
   761 | D:2      | 761 ||| INVOKING Spit Poison.
   832 | D:2      | 832 ||| INVOKING Spit Poison.
   917 | D:2      | 917 ||| INVOKING Spit Poison.
   997 | D:2      | 997 ||| INVOKING Spit Poison.
  1001 | D:2      | 1001 ||| INVOKING Spit Poison.
  1006 | D:2      | 1006 ||| INVOKING Spit Poison.
  1008 | D:2      | Reached skill level 5 in Ranged Weapons
  1008 | D:2      | Reached XP level 4. HP: 29/39 MP: 4/4
  1062 | D:2      | 1062 ||| DRINKING 2 emerald potions.
  1111 | D:3      | 1111 ||| INVOKING Spit Poison.
  1247 | D:3      | Found a faded altar of an unknown god.
  1363 | D:3      | 1363 ||| INVOKING Spit Poison.
  1364 | D:3      | 1364 ||| INVOKING Spit Poison.
  1373 | D:3      | 1373 ||| INVOKING Spit Poison.
  1404 | D:3      | 1404 ||| INVOKING Spit Poison.
  1771 | D:3      | 1771 ||| READING scroll labelled SIXIZUDGHAN.
  1839 | D:3      | 1839 ||| READING scroll labelled CINOSM WAOCHEL.
  1840 | D:3      | 1840 ||| DRINKING 3 viscous red potions.
  1960 | D:4      | 1960 ||| INVOKING Spit Poison.
  1964 | D:4      | 1964 ||| INVOKING Spit Poison.
  1993 | D:4      | 1993 ||| INVOKING Spit Poison.
  1994 | D:4      | Noticed a phantom
  2000 | D:4      | 2000 ||| INVOKING Spit Poison.
  2003 | D:4      | 2003 ||| INVOKING Spit Poison.
  2008 | D:4      | 2008 ||| INVOKING Spit Poison.
  2012 | D:4      | HP: 9/40 [phantom (6)]
  2013 | D:4      | Reached skill level 3 in Fighting
  2013 | D:4      | Reached XP level 5. HP: 11/49 MP: 5/5
  2013 | D:4      | 2013 ||| READING 2 scrolls of teleportation.
  2014 | D:4      | 2014 ||| INVOKING Spit Poison.
  2016 | D:4      | HP: 3/49 [phantom (4)]
  2191 | D:4      | Found a broken altar of Ashenzari.
  2272 | D:4      | 2272 ||| INVOKING Spit Poison.
  2273 | D:4      | 2273 ||| DRINKING 2 potions of curing.
  2273 | D:4      | 2273 ||| (to cure confusion)
  2290 | D:4      | Found Banuenod's Armour Shoppe.
  2303 | D:4      | 2303 ||| BUYING +0 cloak (45 gold).
  2303 | D:4      | Bought a +0 cloak for 45 gold pieces
  2303 | D:4      | 2303 ||| SHOPLISTING +3 leather armour of poison resistance
                  | (210 gold, have 130).
  2303 | D:4      | 2303 ||| SHOPLISTING +3 ring mail of willpower (260 gold,
                  | have 130).
  2350 | D:4      | 2350 ||| INVOKING Spit Poison.
  2353 | D:4      | 2353 ||| INVOKING Spit Poison.
  2397 | D:4      | 2397 ||| INVOKING Spit Poison.
  2557 | D:4      | 2557 ||| INVOKING Spit Poison.
  2575 | D:4      | 2575 ||| INVOKING Spit Poison.
  2580 | D:4      | 2580 ||| INVOKING Spit Poison.
  2584 | D:4      | 2584 ||| INVOKING Spit Poison.
  2588 | D:4      | 2588 ||| INVOKING Spit Poison.
  2593 | D:4      | 2593 ||| INVOKING Spit Poison.
  2598 | D:4      | 2598 ||| INVOKING Spit Poison.
  2603 | D:4      | HP: 11/49 [endoplasm (2)]
  2604 | D:4      | 2604 ||| READING 3 scrolls of teleportation.
  2604 | D:4      | HP: 2/49 [orc wizard/puff of flame (7)]
  2605 | D:4      | 2605 ||| INVOKING Spit Poison.
  2694 | D:4      | 2694 ||| INVOKING Spit Poison.
  2845 | D:4      | You fall into a shaft and drop 3 floors!
  2867 | D:7      | 2867 ||| PLANNING OSSUARY
  2884 | D:7      | 2884 ||| INVOKING Spit Poison.
  2890 | D:7      | 2890 ||| INVOKING Spit Poison.
  2892 | D:7      | Reached XP level 6. HP: 56/56 MP: 6/6
  2896 | D:7      | 2896 ||| INVOKING Spit Poison.
  2897 | D:7      | Reached skill level 6 in Ranged Weapons
  2901 | D:7      | 2901 ||| INVOKING Spit Poison.
  2924 | D:7      | Noticed a cyclops
  2929 | D:7      | 2929 ||| INVOKING Spit Poison.
  2930 | D:7      | HP: 11/56 [cyclops/large rock (30)]
  2931 | D:7      | 2931 ||| READING 3 scrolls of teleportation.
  3090 | D:7      | 3090 ||| INVOKING Spit Poison.
  3095 | D:7      | 3095 ||| INVOKING Spit Poison.
  3101 | D:7      | 3101 ||| INVOKING Spit Poison.
  3145 | D:7      | Noticed an ice beast
  3155 | D:7      | HP: 7/53 [ice beast (8)]
  3156 | D:7      | 3156 ||| READING 2 scrolls of teleportation.
  3213 | D:7      | Killed an ice beast
  3346 | D:7      | Found a shimmering blue altar of Sif Muna.
  3364 | D:7      | 3364 ||| INVOKING Spit Poison.
  3485 | D:7      | 3485 ||| RIP OSSUARY
  3492 | D:7      | 3492 ||| PLANNING D:1-11
  3492 | D:7      | 3492 ||| UPGRADING to scarf of repulsion.
  3497 | D:7      | 3497 ||| READING scroll labelled MAEDOH XOGERE.
  3498 | D:7      | 3498 ||| DRINKING 2 viscous cyan potions.
  3575 | D:6      | 3575 ||| INVOKING Spit Poison.
  3578 | D:6      | Found an ornate altar of the Wu Jian Council.
  3606 | D:6      | 3606 ||| INVOKING Spit Poison.
  3610 | D:6      | Reached XP level 7. HP: 64/64 MP: 7/7
  3650 | D:6      | 3650 ||| INVOKING Spit Poison.
  3670 | D:6      | 3670 ||| INVOKING Spit Poison.
  3674 | D:6      | 3674 ||| INVOKING Spit Poison.
  3679 | D:6      | 3679 ||| INVOKING Spit Poison.
  3679 | D:6      | HP: 12/64 [gnoll sergeant/+2 trident of freezing (6)]
  3680 | D:6      | 3680 ||| READING 2 scrolls of teleportation.
  3680 | D:6      | HP: 3/64 [gnoll/+0 flail[a gnoll sergeant] (7)]
  3680 | D:6      | Slain by a gnoll sergeant

Levels and vault maps discovered:
D:1:      minmay_arrival_glassed_features, layout_basic, minmay_tetromino_i4
D:2:      layout_rooms
D:3:      layout_basic, shapermc_ecumenical_altar_mp_ritualfount
D:4:      layout_basic, amcnicky_altar_gilded, nicolae_ashenzari_panopticon,
          serial_shops, shop, minmay_misc_feat_secret_circle,
          grunt_decor_junction, nrook_mini_backslash, kennysheep_nondescript,
          minmay_box_of_dots
D:6:      layout_loops_ring, nicolae_qazlal_general_emergency,
          lemuel_tele_altar, minmay_temple_entry_sparse_star
D:7:      layout_loops_ring, led_sif_pool, nicolae_ossuary_entry_false_entrances

Skill      XL: |  1  2  3  4  5  6 |
---------------+-------------------+-----
Ranged Weapons | 4 5 6 |  6.4
Fighting       | 3 4 |  4.1
Dodging        | 2 |  2.5
Stealth        | |  1.5

Action                     |  1- 3 |  4- 6 |  7- 9 || total
---------------------------+-------+-------+-------++-------
   Fire: Shortbow          |    62 |   142 |    11 ||   215
Ability: Spit Poison       |    24 |    35 |     4 ||    63
    Use: Scroll            |     3 |     7 |     1 ||    11
         Potion            |       |     4 |       ||     4
 Armour: Leather armour    |     1 |    23 |     1 ||    25
  Dodge: Dodged            |     3 |    47 |     9 ||    59

Table legend:
 A = Non-vault XP
 B = Vault XP
 C = Vault XP percentage of total XP
 D = Non-vault monster count
 E = Vault monster count
 F = Vault count percentage of total count
                 A         B        C        D         E       F
            +---------+---------+-------+---------+---------+-------
      Total |     648 |      71 |   9.9 |      73 |       7 |   8.8
            +---------+---------+-------+---------+---------+-------
        D:1 |      48 |       7 |  12.7 |      27 |       3 |  10.0
        D:2 |      35 |       0 |   0.0 |       8 |       0 |   0.0
        D:3 |      11 |       0 |   0.0 |       7 |       0 |   0.0
        D:4 |     105 |      64 |  37.9 |      15 |       4 |  21.1
        D:6 |     105 |       0 |   0.0 |       3 |       0 |   0.0
        D:7 |     344 |       0 |   0.0 |      13 |       0 |   0.0
            +---------+---------+-------+---------+---------+-------
